 Dungeon Crawl Stone Soup version 0.15-a0-1081-gb32516e (console) character file.

450 Che the Martial Artist (level 7, 0/46 HPs)
             Began as an Octopode Monk on May 28, 2014.
             Slain by a sky beast (6 damage)
             ... on Level 5 of the Dungeon.
             The game lasted 00:11:34 (2120 turns).

Che the Martial Artist (Octopode Monk)              Turns: 2120, Time: 00:11:34

HP   0/46        AC  1     Str 12      XL: 7   Next:  4%
MP   7/7         EV 13     Int 12      God:
Gold 50          SH  0     Dex 15      Spells:  0 memorised,  6 levels left

rFire  . . .     SeeInvis .       - Unarmed
rCold  . . .     Clarity  .     (no shield)
rNeg   . . .     Conserve .     (helmet restricted)
rPois  .         rCorr    .     d - amulet of resist mutation
rElec  .         rRot     .     (no ring)
SustAb .         Spirit   .     (no ring)
rMut   +         Warding  .     (no ring)
Gourm  .         Stasis   .     (no ring)
MR     .....                    (no ring)
                                (no ring)
                                (no ring)
                                (no ring)

@: not resistant to hostile enchantments, fairly stealthy
A: almost no armour, amphibious, 8 rings, constrict 8, camouflage 1, gelatinous
body 1
a: no special abilities


You were on level 5 of the Dungeon.
You were not hungry.

You visited 1 branch of the dungeon, and saw 5 of its levels.
You also visited: Sewer.

You collected 200 gold pieces.
You spent 150 gold pieces at shops.

Inventory:

Magical devices
 n - a wand of cold (4) {unknown}
 p - a wand of cold (1) {unknown}
 x - a wand of lightning (2) {unknown}
Comestibles
 b - 3 bread rations
 c - a beef jerky
 m - a slice of pizza
 o - a meat ration
Scrolls
 k - 3 scrolls of teleportation {unknown}
 l - 3 scrolls of immolation {unknown}
 q - a scroll of enchant weapon II {unknown}
 s - a scroll of enchant armour {unknown}
 u - 3 scrolls of random uselessness {unknown}
 v - a scroll of enchant weapon I {unknown}
 y - a scroll of acquirement {unknown}
 B - a scroll of fear {unknown}
 C - 2 scrolls of remove curse {unknown}
Jewellery
 d - an amulet of resist mutation (around mantle)
Potions
 a - 2 potions of brilliance
 e - 4 potions of heal wounds {unknown}
 f - 2 potions of resistance
 g - a potion of restore abilities
 i - a potion of agility
 j - 3 potions of curing
 r - 2 potions of berserk rage
 t - 6 potions of flight {unknown}


   Skills:
 - Level 3.0 Fighting
 - Level 3.0 Dodging
 - Level 2.6 Stealth
 + Level 8.2 Unarmed Combat


You had 6 spell levels left.
You didn't know any spells.

Dungeon Overview and Level Annotations

Branches:
Dungeon (5/15)
 Temple: D:4-7

Altars:
Nemelex Xobeh

Shops:
D:4 *

Annotations:
D:4 Blork the orc


Innate Abilities, Weirdness & Mutations

You cannot wear most types of armour.
You are amphibious.
You can wear up to eight rings at the same time.
You can use your tentacles to constrict many enemies at once.
Your skin changes colour to match your surroundings (Stealth).
Your rubbery body absorbs attacks (AC +1).


Message History

You tentacle-slap the sky beast but do no damage.
You tentacle-slap the sky beast.
The sky beast is lightly wounded.
The sky beast hits you. The sky beast shocks you.
* * * LOW HITPOINT WARNING * * *
You tentacle-slap the sky beast.
The sky beast is moderately wounded.
You bludgeon the sky beast! Your squeeze misses the sky beast.
The sky beast is severely wounded.
The sky beast flickers out of sight!
Deactivating autopickup; reactivate with Ctrl-A.
Something hits you.
* * * LOW HITPOINT WARNING * * *
Something shocks you.
* * * LOW HITPOINT WARNING * * *
You see here a potion of poison.
Something hits you.
* * * LOW HITPOINT WARNING * * *
Something shocks you.
You die...

#......#.....)............
#.........#.#.#########...
..........#.#.# .#
#.......#.....# ###.#
#.....####..## #...
#.....####..########.#####
#######..[.....................##
.....##.....####...#######.###...
......##########@#.#######%#####<
........%......!..............##.
..>..#########...###.............
##.......# #.#.# #####..###.###
#.........# #.#.# #.# #.#
#......{..# ..#.# #. #.###
#.........# ..##.# .. #.#..
#......... .## #.# .## ##....
#....)... #.. #..%..


There were no monsters in sight!

Vanquished Creatures
  3 scorpions
  A crimson imp (D:5)
  2 hounds (D:4)
  An iguana (D:4)
  4 adders
  3 gnolls (D:5)
  An orc skeleton (D:3)
  5 giant mites
  2 worms
  An ooze (D:1)
  2 orcs (D:4)
  5 giant cockroaches
  9 hobgoblins
  6 jackals
  8 kobolds
  2 ball pythons
  14 bats
  4 giant geckos
  2 giant newts
  A giant newt skeleton (D:5)
  2 goblins
  A goblin skeleton (D:5)
  A jackal skeleton (D:4)
  8 rats
88 creatures vanquished.

Notes
Turn   | Place    | Note
--------------------------------------------------------------
     0 | D:1      | Che, the Octopode Monk, began the quest for the Orb.
     0 | D:1      | Reached XP level 1. HP: 16/16 MP: 1/1
   168 | D:1      | Reached XP level 2. HP: 21/21 MP: 2/2
   397 | D:2      | Reached skill level 5 in Unarmed Combat
   397 | D:2      | Reached XP level 3. HP: 14/26 MP: 3/3
   734 | D:3      | Found a sparkling altar of Nemelex Xobeh.
   941 | D:3      | Found a glowing drain.
   954 | D:3      | Reached XP level 4. HP: 19/31 MP: 4/4
   960 | Sewer    | Entered a sewer
  1210 | Sewer    | Reached skill level 6 in Unarmed Combat
  1340 | D:4      | Reached XP level 5. HP: 18/36 MP: 5/5
  1462 | D:4      | Noticed Blork the orc
  1630 | D:4      | Reached skill level 7 in Unarmed Combat
  1630 | D:4      | Reached XP level 6. HP: 30/42 MP: 6/6
  1731 | D:4      | Found Thig's Assorted Antiques.
  1745 | D:4      | Bought a scroll labeled PHOUC CUNU TER for 30 gold pieces
  1745 | D:4      | Bought a scroll labeled FRUTAOR LAGOAV for 30 gold pieces
  1745 | D:4      | Bought a scroll labeled TEXKEN SOURYUD for 30 gold pieces
  1745 | D:4      | Bought a scroll labeled SYIHUXK MOPN for 30 gold pieces
  1745 | D:4      | Bought a scroll labeled DAOXTU TIER for 30 gold pieces
  1776 | D:5      | Entered Level 5 of the Dungeon
  2038 | D:5      | Reached skill level 8 in Unarmed Combat
  2038 | D:5      | Reached XP level 7. HP: 14/46 MP: 7/7
  2120 | D:5      | Slain by a sky beast

Action                   |  1- 3 |  4- 6 |  7- 9 || total
-------------------------+-------+-------+-------++-------
Melee: Unarmed           |    79 |   136 |    11 ||   226
  Use: Scroll            |       |     7 |     1 ||     8
       Potion            |       |     3 |       ||     3
 Stab: Sleeping          |     6 |     1 |       ||     7
